 Dungeon Crawl Stone Soup version 0.29-a0-106-g0a07039d5a (webtiles) character file.

Game seed: 11885977787494368341

221506 lunkers the Cryomancer (level 19, -10/174 HPs)
             Began as a Merfolk Ice Elementalist on Feb 14, 2022.
             Was the Champion of Ashenzari.
             Mangled by an emperor scorpion (11 damage)
             ... on level 4 of the Spider Nest on Feb 16, 2022.
             The game lasted 02:07:40 (40522 turns).

lunkers the Cryomancer (Merfolk Ice Elementalist)  Turns: 40522, Time: 02:07:41

Health: -10/174    AC: 15    Str:  5 (8)  XL:     19   Next: 20%
Magic:  34/54      EV: 12    Int: 24 (25) God:    Ashenzari [******]
Gold:   1759       SH: 11    Dex:  5 (10) Spells: 40/63 levels left

rFire   . . .      SeeInvis +   a - +11 morningstar "Vision of the Cosmos" {vorpal, +Blink rC+ Will+ Dex-5 SInv, Elem, Bglg} (curse)
rCold   + . .      Faith    .   H - +0 kite shield of Ashenzari's Pleiades {reflect, Melee, Self} (curse)
rNeg    . . .      Spirit   .   t - +0 troll leather armour of Ashenzari's Doubts {Regen+, Elem, Range} (curse)
rPois   .          Reflect  +   s - +2 helmet of Star-Bound Wisdom {Int+3, Self, Fort} (curse)
rElec   .          Harm     .   x - +0 cloak of the All-seeing Gnosis {Fort, Melee} (curse)
rCorr   .          Rampage  .   A - +1 pair of gloves "Circumscribed With Me" {Evo, Comp} (curse)
Will    ++...      Clarity  +   L - +0 pair of boots "Omniscient Seer" {Evo, Self} (curse)
Stlth   +.........              S - amulet "Bound Together" {Regen+, Self, Elem} (curse)
HPRegen 1.99/turn               j - ring of Curses and Power {AC+4, Elem, Self} (curse)
MPRegen 0.34/turn               y - ring "Share My Secrets" {MP+9, Self, Comp} (curse)

@: about to teleport, unable to drink, studying Maces & Flails
A: (nimble swimmer 2), mertail
}: 1/15 runes: barnacled
a: Renounce Religion, Evoke Blink, Shatter the Chains


You were on level 4 of the Spider Nest.
You worshipped Ashenzari.
Ashenzari was exalted by your worship.
You visited 6 branches of the dungeon, and saw 26 of its levels.
You also visited: Bailey.

You collected 3484 gold pieces.
You spent 1725 gold pieces at shops.

Inventory:

Hand Weapons
 a - the cursed +11 morningstar "Vision of the Cosmos" (weapon) {vorpal, +Blink rC+ Will+ Dex-5 SInv, Elem, Bglg}
   (You found it on level 4 of the Lair of Beasts)

   It inflicts extra damage upon your enemies.
   Dex:       It affects your dexterity (-5).
   rC:        It protects you from cold.
   SInv:      It lets you see invisible.
   +Blink:    It lets you blink.
   Will:      It increases your willpower.
   It has a curse which improves the following skills: Elements: Fire Magic, Ice
   Magic, Air Magic and Earth Magic.
   Beguiling: Conjurations, Hexes and Translocations.
Missiles
 O - 10 throwing nets
Armour
 q - the +1 leather armour of Eleim {rF+++ SInv}
   (You found it on level 4 of the Spider Nest)

   rF:        It renders you almost immune to fire.
   SInv:      It lets you see invisible.
 s - the cursed +2 helmet of Star-Bound Wisdom (worn) {Int+3, Self, Fort}
   (You found it on level 4 of the Shoals)

   It has a curse which improves the following skills: Introspection: Fighting
   and Spellcasting.
   Fortitude: Armour and Shields.
 t - the cursed +0 troll leather armour of Ashenzari's Doubts (worn) {Regen+, Elem, Range}
   (You found it on level 6 of the Dungeon)

   Regen:     It increases your rate of health regeneration.
   It has a curse which improves the following skills: Elements: Fire Magic, Ice
   Magic, Air Magic and Earth Magic.
   Ranged Combat: Slings, Bows, Crossbows and Throwing.
 x - the cursed +0 cloak of the All-seeing Gnosis (worn) {Fort, Melee}
   (You took it off Maurice on level 9 of the Dungeon)

   It has a curse which improves the following skills: Fortitude: Armour and
   Shields.
   Melee Combat: Short Blades, Long Blades, Axes, Maces & Flails, Polearms,
   Staves and Unarmed Combat.
 A - the cursed +1 pair of gloves "Circumscribed With Me" (worn) {Evo, Comp}
   (You found it on level 4 of the Dungeon)

   It has a curse which improves the following skills: Evocations: Evocations.
   Companions: Summonings and Necromancy.
 H - the cursed +0 kite shield of Ashenzari's Pleiades (worn) {reflect, Melee, Self}
   (You bought it in a shop on level 1 of the Orcish Mines)

   It has a curse which improves the following skills: Melee Combat: Short
   Blades, Long Blades, Axes, Maces & Flails, Polearms, Staves and Unarmed
   Combat.
   Introspection: Fighting and Spellcasting.
 L - the cursed +0 pair of boots "Omniscient Seer" (worn) {Evo, Self}
   (You found it on level 6 of the Lair of Beasts)

   It has a curse which improves the following skills: Evocations: Evocations.
   Introspection: Fighting and Spellcasting.
Jewellery
 j - the cursed ring of Curses and Power (left hand) {AC+4, Elem, Self}
   (You found it on level 1 of the Dungeon)

   [ring of protection]

   AC:        It affects your AC (+4).
   It has a curse which improves the following skills: Elements: Fire Magic, Ice
   Magic, Air Magic and Earth Magic.
   Introspection: Fighting and Spellcasting.
 m - a ring of willpower
 y - the cursed ring "Share My Secrets" (right hand) {MP+9, Self, Comp}
   (You found it on level 3 of the Dungeon)

   [ring of magical power]

   MP:        It affects your magic capacity (+9).
   It has a curse which improves the following skills: Introspection: Fighting
   and Spellcasting.
   Companions: Summonings and Necromancy.
 N - a +4 ring of protection
 S - the cursed amulet "Bound Together" (around neck) {Regen+, Self, Elem}
   (You took it off a merfolk on level 2 of the Shoals)

   [amulet of regeneration]

   Regen:     It increases your rate of health regeneration.
   It has a curse which improves the following skills: Introspection: Fighting
   and Spellcasting.
   Elements:  Fire Magic, Ice Magic, Air Magic and Earth Magic.
 U - a ring of protection from fire
 V - an amulet of reflection
Wands
 E - a wand of polymorph (6)
 G - a wand of paralysis (12)
 I - a wand of flame (3)
 K - a wand of mindburst (6)
 Q - a wand of iceblast (5)
 Y - a wand of acid (6)
Scrolls
 e - 2 scrolls of magic mapping
 g - 13 scrolls of teleportation
 i - 3 scrolls of fear
 l - 2 scrolls of blinking
 o - a scroll of silence
 w - 4 scrolls of vulnerability
 B - 6 scrolls of fog
 D - 6 scrolls of enchant weapon
 P - 2 scrolls of summoning
 R - 4 scrolls of amnesia
Potions
 b - 2 potions of lignification
 c - 2 potions of brilliance
 d - a potion of ambrosia
 f - 5 potions of cancellation
 h - a potion of resistance
 k - 7 potions of might
 n - a potion of berserk rage
 p - 5 potions of heal wounds
 r - 3 potions of mutation
 u - 5 potions of attraction
 v - a potion of invisibility
 z - 4 potions of curing
 C - 3 potions of haste
 F - 5 potions of flight
 J - 2 potions of magic
Miscellaneous
 M - a lightning rod (4/4)
 T - a phantom mirror
 W - a condenser vane (inert)
 X - a phial of floods
 Z - a tin of tremorstones (2/2)


   Skills:
 + Level 14.0(22.1) Fighting
 * Level 8.5(12.5) Maces & Flails
 - Level 13.7 Dodging
 - Level 2.1 Stealth
 - Level 11.1(15.0) Shields
 - Level 14.7(22.8) Spellcasting
 * Level 9.5 Transmutations
 - Level 22.3(27) Ice Magic
 * Level 6.0(11.9) Earth Magic


You had 40 spell levels left.
You knew the following spells:

 Your Spells              Type           Power      Damage    Failure   Level
b - Frozen Ramparts       Ice            100%       1d12      0%          3
c - Ozocubu's Armour      Ice            100%       N/A       0%          3
d - Hailstorm             Conj/Ice       75%        3d15      1%          4
e - Ozocubu's Refrigerat  Ice            51%        4d15      1%          7
f - Statue Form           Tmut/Erth      45%        N/A       8%          6

Your spell library contained the following spells:

 Spells                   Type           Power      Damage    Failure   Level
 Freeze                   Ice            100%       1d11      0%          1
 Beastly Appendage        Tmut           100%       N/A       1%          1
 Sandblast                Erth           100%       2d20      1%          1
 Ensorcelled Hibernation  Hex/Ice        100%       N/A       1%          2
 Passwall                 Tmut/Erth      56%        N/A       1%          2
 Wereblood                Tmut           65%        N/A       1%          2
 Spider Form              Tmut/Pois      50%        N/A       1%          3
 Stone Arrow              Conj/Erth      100%       3d13      1%          3
 Petrify                  Tmut/Erth      68%        N/A       1%          4
 Metabolic Englaciation   Hex/Ice        37%        N/A       1%          5
 Freezing Cloud           Conj/Ice/Air   32%        6-21      2%          5
 Animate Skeleton         Necr           60%        N/A       3%          1
 Apportation              Tloc           58%        N/A       3%          1
 Summon Small Mammal      Summ           100%       N/A       3%          1
 Ignite Poison            Fire/Tmut/Pois 44%        N/A       3%          3
 Corpse Rot               Necr/Air       62%        N/A       4%          2
 Poisonous Vapours        Pois/Air       58%        N/A       4%          2
 Sublimation of Blood     Necr           30%        N/A       4%          2
 Swiftness                Air            32%        N/A       9%          3
 Borgnjor's Vile Clutch   Necr/Erth      27%        N/A       9%          5
 Inner Flame              Hex/Fire       30%        N/A       10%         3
 Gell's Gravitas          Tloc           29%        N/A       11%         3
 Mephitic Cloud           Conj/Pois/Air  29%        N/A       11%         3
 Alistair's Intoxication  Tmut/Pois      33%        N/A       16%         5
 Irradiate                Conj/Tmut      25%        3d22      16%         5
 Olgreb's Toxic Radiance  Pois           27%        N/A       38%         4
 Eringya's Noxious Bog    Tmut/Pois      25%        N/A       65%         6
 Summon Forest            Summ/Tloc      14%        N/A       67%         5
 Summon Mana Viper        Hex/Summ       29%        N/A       67%         5
 Summon Cactus Giant      Summ           15%        N/A       99%         6
 Disjunction              Tloc           14%        N/A       100%        8
 Ignition                 Fire           16%        3d6       100%        8
 Chain Lightning          Conj/Air       15%        3d20      100%        9
 Fire Storm               Conj/Fire      15%        8d4       100%        9
 Shatter                  Erth           35%        3d28*     100%        9


Dungeon Overview and Level Annotations

Branches:
Dungeon (9/15)             Temple (1/1) D:4            Lair (6/6) D:9
 Shoals (4/4) Lair:2       Spider (4/4) Lair:3        Slime (0/5) Lair:5
    Orc (2/2) D:9             Elf (0/3) Orc:2        Bailey (visited)

Altars:
Ashenzari
Cheibriados
Dithmenos
Elyvilon
Fedhas
Gozag
Hepliaklqana
Kikubaaqudgha
Makhleb
Nemelex Xobeh
Okawaru
Qazlal
Ru
Sif Muna
Trog
Uskayaw
Vehumet
Wu Jian
Xom
Yredelemnul
Zin
The Shining One

Shops:
D:5 (:   D:8 !   Orc:1 ([   Orc:2 [**[   Shoals:1 *   Shoals:2 ?:   Shoals:3 !

Annotations:
D:8 1 runed translucent door
Lair:4 3 runed translucent doors, Piwky's ghost, journeyman TrMo
Shoals:2 2 transporters, Muonk's ghost, adept DjFE


Innate Abilities, Weirdness & Mutations

((You are very nimble when in or above water. (Stealth+, EV+, Speed+++)))
Your lower body shifts to a powerful aquatic tail in water.


Message History

Your base Earth Magic skill increases to level 6!
Casting: Ozocubu's Refrigeration (mildly dangerous; 1% risk of failure)
Confirm with . or Enter, or press ? or * to list all spells.
The heat is drained from your surroundings.
You feel very cold.
The spark wasps, the hornets and the moth of wrath are frozen.
The spark wasp is heavily wounded.
The hornet is heavily wounded.
The spark wasp is severely wounded.
You kill the spark wasp!
You kill the hornet!
You kill the moth of wrath!
The spark wasp stings you. The spark wasp shocks you!
The spark wasp barely misses you.
Your base Fighting skill increases to level 14!
Casting: Ozocubu's Refrigeration (mildly dangerous; 1% risk of failure)
Confirm with . or Enter, or press ? or * to list all spells.
The heat is drained from your surroundings.
You feel very cold.
The spark wasps and the emperor scorpion are frozen.
The spark wasp is almost dead.
You kill the spark wasp!
The emperor scorpion is moderately wounded.
The spark wasp stings you! The spark wasp shocks you!
The emperor scorpion stings you!!
* * * LOW HITPOINT WARNING * * *
The emperor scorpion claws you but does no damage. x2
The spark wasp stings you!
* * * LOW HITPOINT WARNING * * *
The spark wasp shocks you!
* * * LOW HITPOINT WARNING * * *
As you read the scroll of teleportation, it crumbles to dust.
You feel strangely unstable. The emperor scorpion stings you!!
* * * LOW HITPOINT WARNING * * *
The emperor scorpion closely misses you.
The emperor scorpion claws you.
* * * LOW HITPOINT WARNING * * *
The spark wasp stings you!!
* * * LOW HITPOINT WARNING * * *
The spark wasp shocks you!
* * * LOW HITPOINT WARNING * * *
The emperor scorpion stings you!
You die...

##≈....##.≈≈.##^....###
###^.†.###...###≈≈...##
####.≈.≈.#########...##
######...##########..###
#######..≈##!.[.####.####
########.≈##...!####..###
.#####≈...##.!.##.....###
^####≈....##!.#y..≈....##
.###≈....###^.#s@.##...##
.''......###.![#####...##
.''..≈....##...y##≈.≈####
.†'^.##.^^##..!.##..≈####
.###.##≈..##+######.≈####
.####≈..≈###[#####.^.####
.####...≈###φ###.≈.^#####
####.^.^#######^.^..#####
###..≈###.^####....#####


You could see an emperor scorpion (berserk), a spark wasp and a hornet
(berserk).

Vanquished Creatures
  Mlioglotl (Shoals:3)
  4 krakens (Shoals:2)
  Donald (Shoals:3)
  Polyphemus (Shoals:4)
  11 emperor scorpions
  3 ghost moths
  3 broodmothers
  3 entropy weavers
  2 dire elephants (Spider:4)
  4 spark wasps
  10 merfolk impalers
  7 merfolk javelineers
  4 boulder beetles
  2 radroaches
  A jorogumo (Spider:3)
  8 hydras
  A catoblepas (Shoals:4)
  A centaur warrior (Orc:2)
  3 satyrs
  4 merfolk avatars
  3 alligator snapping turtles
  7 merfolk aquamancers
  2 two-headed ogres (D:8)
  10 death yaks
  A deep elf knight (Spider:4)
  8 pharaoh ants
  7 steelbarb worms
  A goliath frog (Lair:6)
  9 orb spiders
  23 sea snakes
  2 lindwurms
  A deep elf archer (Spider:4)
  5 orc knights
  17 wolf spiders
  2 oklob plants (Lair:2)
  An orc sorcerer (Orc:2)
  20 fauns
  26 harpies
  11 manticores
  9 cyclopes (Shoals:1)
  4 moths of wrath
  6 black mambas
  16 elephants
  Maurice (D:9)
  13 merfolk sirens
  8 torpor snails
  5 water nymphs
  33 cane toads
  A rime drake (Lair:5)
  9 demonic crawlers
  8 komodo dragons
  2 polar bears
  50 merfolk
  4 trolls
  23 tarantellas
  12 meliai
  10 wind drakes
  3 tyrant leeches (Lair:6)
  28 blink frogs
  4 hornets (Spider:4)
  A slime creature (Lair:5)
  5 snapping turtles
  15 dream sheep
  31 culicivoras
  33 jumping spiders
  A spriggan (Lair:2)
  A vampire (D:9)
  7 water elementals
  A human (shapeshifter) (D:9)
  Sigmund (D:3)
  2 wyverns
  48 yaks
  6 basilisks
  5 vampire mosquitoes (Lair:6)
  A steam dragon (D:8)
  64 redbacks
  3 wargs
  An acid dragon (D:8)
  13 water moccasins
  A hell hound (Spider:4)
  48 orc warriors
  A sky beast (D:5)
  5 black bears
  A hornet zombie (D:6)
  3 ice beasts
  6 ogres
  6 wolves
  A necrophage (D:8)
  11 centaurs
  A phantom (D:7)
  A kobold brigand (D:8)
  21 bullfrogs
  9 scorpions
  5 wights (D:8)
  15 killer bees
  5 electric eels
  3 howler monkeys
  A centaur zombie (D:6)
  4 hounds
  3 jellies (Lair:5)
  A bullfrog skeleton (D:4)
  3 centaur skeletons (D:5)
  9 orc priests
  Ijyb (D:3)
  4 iguanas
  6 hell rats (Lair:3)
  16 orc wizards
  A killer bee zombie (D:7)
  A hound skeleton (D:4)
  A howler monkey skeleton (D:7)
  A howler monkey zombie (D:9)
  7 gnolls (D:8)
  3 adders
  2 shadow imps (D:7)
  A white imp (D:6)
  2 ufetubi (D:5)
  2 adder skeletons (D:4)
  2 worms (D:2)
  A dart slug (D:4)
  74 orcs
  5 ball pythons
  6 endoplasms
  11 giant cockroaches
  9 goblins
  3 hobgoblins
  3 jackals (D:1)
  A quokka (D:3)
  6 bats
  3 frilled lizards
  6 kobolds
  6 rats
  4 bushes
  12 tentacles (Shoals:2)
1082 creatures vanquished.

Vanquished Creatures (others)
  94 fungi
  328 plants
  8 tentacles (Shoals:2)
430 creatures vanquished.

Grand Total: 1512 creatures vanquished

Notes
Turn   | Place    | Note
-------+----------+-------------------------------------------
     0 | D:1      | lunkers the Merfolk Ice Elementalist began the quest for
                  | the Orb.
     0 | D:1      | Reached XP level 1. HP: 13/13 MP: 3/3
   198 | D:1      | Reached XP level 2. HP: 15/19 MP: 1/5
   552 | D:1      | Reached skill level 5 in Ice Magic
   832 | D:2      | Reached XP level 3. HP: 24/24 MP: 3/6
   873 | D:1      | Learned a level 3 spell: Frozen Ramparts
  1269 | D:2      | Reached XP level 4. HP: 24/30 MP: 1/8
  1457 | D:2      | Found a sacrificial altar of Ru.
  1715 | D:3      | Found a faded altar of an unknown god.
  1717 | D:3      | Noticed Ijyb
  1724 | D:3      | Killed Ijyb
  1725 | D:3      | Reached skill level 6 in Ice Magic
  1830 | D:3      | Noticed Sigmund
  1841 | D:3      | Killed Sigmund
  1842 | D:3      | Reached skill level 7 in Ice Magic
  1842 | D:3      | Reached XP level 5. HP: 28/35 MP: 5/10
  1842 | D:3      | Reached XP level 6. HP: 33/41 MP: 5/11
  3041 | D:4      | Learned a level 3 spell: Ozocubu's Armour
  3046 | D:4      | Learned a level 4 spell: Hailstorm
  3050 | D:4      | Found a staircase to the Ecumenical Temple.
  3090 | Temple   | Entered the Ecumenical Temple
  3163 | Temple   | Became a worshipper of Ashenzari the Shackled
  3292 | D:4      | Identified a scroll of acquirement
  4050 | D:5      | Entered Level 5 of the Dungeon
  4090 | D:5      | Reached XP level 7. HP: 39/46 MP: 13/13
  4136 | D:5      | Reached skill level 8 in Ice Magic
  4447 | D:5      | Identified the ring of Puheme Otes {Ice rElec}
  4492 | D:5      | Found Nopn's Weapon Boutique.
  4634 | D:5      | Found Morag's Book Boutique.
  4711 | D:5      | Found a sparkling altar of Nemelex Xobeh.
  4717 | D:5      | Found a glowing golden altar of the Shining One.
  4721 | D:5      | Found a shimmering blue altar of Sif Muna.
  4725 | D:5      | Found a shadowy altar of Dithmenos.
  5063 | D:6      | Found a basalt altar of Yredelemnul.
  5150 | D:6      | Reached skill level 5 in Spellcasting
  5150 | D:6      | Reached skill level 9 in Ice Magic
  5150 | D:6      | Reached XP level 8. HP: 44/52 MP: 15/15
  5236 | D:6      | Noticed a yak
  5260 | D:6      | Killed a yak
  5317 | D:6      | Noticed a yak
  5318 | D:6      | Noticed a yak
  5320 | D:6      | Noticed a yak
  5321 | D:6      | Noticed a yak
  5328 | D:6      | Killed a yak
  5329 | D:6      | Reached skill level 10 in Ice Magic
  5331 | D:6      | Killed a yak
  5332 | D:6      | Killed a yak
  5333 | D:6      | Killed a yak
  5334 | D:6      | Reached skill level 11 in Ice Magic
  5334 | D:6      | Reached XP level 9. HP: 10/57 MP: 15/18
  5687 | D:6      | Found an ancient bone altar of Kikubaaqudgha.
  5700 | D:6      | Reached * piety under Ashenzari
  6186 | D:6      | Noticed a troll
  6190 | D:6      | Killed a troll
  6848 | D:7      | Reached ** piety under Ashenzari
  6897 | D:7      | Reached skill level 12 in Ice Magic
  6916 | D:7      | Learned a level 7 spell: Ozocubu's Refrigeration
  6999 | D:7      | Found a white marble altar of Elyvilon.
  7798 | D:8      | Found Muonuaj's Distillery.
  7854 | D:8      | Noticed a two-headed ogre
  7871 | D:8      | Killed a two-headed ogre
  7872 | D:8      | Reached skill level 13 in Ice Magic
  7872 | D:8      | Reached XP level 10. HP: 59/63 MP: 21/23
  7938 | D:8      | Found an iron altar of Okawaru.
  8480 | D:8      | Found a runed translucent door.
  8482 | D:8      | Found a runed translucent door.
  8559 | D:8      | Reached skill level 14 in Ice Magic
  8780 | D:8      | Noticed a two-headed ogre
  8788 | D:8      | Killed a two-headed ogre
  9035 | D:9      | Reached *** piety under Ashenzari
  9111 | D:9      | Found a staircase to the Lair.
  9111 | D:9      | Noticed Maurice
  9127 | D:9      | Killed Maurice
  9209 | D:9      | Reached skill level 15 in Ice Magic
  9209 | D:9      | Reached XP level 11. HP: 68/68 MP: 26/26
  9271 | D:9      | Found a flagged portal.
  9308 | Bailey   | Entered a bailey
  9730 | Bailey   | Noticed an orc knight
  9740 | Bailey   | Killed an orc knight
  9944 | Lair:1   | Entered Level 1 of the Lair of Beasts
 10068 | D:9      | Reached skill level 16 in Ice Magic
 10147 | Lair:1   | Noticed an eight-headed hydra
 10150 | Lair:1   | Killed an eight-headed hydra
 10448 | Lair:1   | Reached skill level 10 in Spellcasting
 10621 | Lair:1   | Reached skill level 1 in Fighting
 10730 | Lair:1   | Reached XP level 12. HP: 81/81 MP: 22/28
 10841 | Lair:1   | Reached skill level 17 in Ice Magic
 11561 | Lair:2   | Found a staircase to the Shoals.
 11915 | Lair:2   | Noticed a six-headed hydra
 11919 | Lair:2   | Reached skill level 5 in Dodging
 11919 | Lair:2   | Killed a six-headed hydra
 12638 | Lair:2   | Acquired 769 gold pieces
 13188 | Lair:3   | Reached skill level 18 in Ice Magic
 13398 | Lair:3   | Reached skill level 5 in Fighting
 13652 | Lair:3   | Found a hole to the Spider Nest.
 13656 | Lair:3   | Reached XP level 13. HP: 96/96 MP: 24/30
 14331 | D:9      | Reached **** piety under Ashenzari
 15116 | Lair:4   | Identified the +6 short sword "Nyagg" {freeze, rCorr Int+9
                  | Dex-4}
 15117 | Lair:4   | Noticed a minotaur
 15123 | Lair:4   | Noticed Piwky's ghost (journeyman TrMo)
 16139 | Lair:4   | Reached skill level 19 in Ice Magic
 16270 | Lair:4   | Identified the +11 morningstar "Loolunte" {vorpal, +Blink
                  | rC+ Will+ Dex-5 SInv}
 16351 | Lair:4   | Found a runed translucent gate.
 16351 | Lair:4   | Found a runed translucent gate.
 16351 | Lair:4   | Found a runed translucent gate.
 17195 | Lair:5   | Identified the Volume of Salt
 17269 | Lair:5   | Reached XP level 14. HP: 111/111 MP: 22/32
 17751 | Lair:5   | Found a staircase to the Slime Pits.
 18410 | Lair:6   | Entered Level 6 of the Lair of Beasts
 18611 | Lair:6   | Reached skill level 10 in Dodging
 18622 | Lair:6   | Upgraded the game from 0.29-a0-100-g60f898f876 to
                  | 0.29-a0-103-g37f86683bf
 19117 | Lair:6   | Reached skill level 20 in Ice Magic
 20667 | Lair:6   | Identified the cursed +0 pair of boots "Omniscient Seer"
                  | {Evo, Self} (You found it on level 6 of the Lair of Beasts)
 21215 | Lair:6   | Reached XP level 15. HP: 101/123 MP: 22/35
 21718 | D:9      | Found a staircase to the Orcish Mines.
 22259 | Orc:1    | Entered Level 1 of the Orcish Mines
 22259 | Orc:1    | Found Veal Zor's Antique Armour Shop.
 22269 | Orc:1    | Bought a shiny kite shield for 217 gold pieces
 22361 | Orc:2    | Entered Level 2 of the Orcish Mines
 23221 | Orc:1    | Reached ***** piety under Ashenzari
 23279 | Orc:1    | Found Ussigeli's Weapon Boutique.
 23580 | Orc:2    | Found a staircase to the Elven Halls.
 24116 | Orc:2    | Found Venev's General Store.
 24116 | Orc:2    | Found Hungef's Assorted Antiques.
 24119 | Orc:2    | Reached skill level 21 in Ice Magic
 24120 | Orc:2    | Found Pih Koef's Armour Emporium.
 24122 | Orc:2    | Found Bastraid's Armour Boutique.
 24662 | Shoals:1 | Entered Level 1 of the Shoals
 24666 | Shoals:1 | Reached skill level 1 in Shields
 25131 | Shoals:1 | Reached skill level 10 in Fighting
 25435 | Shoals:1 | Found Bissuod's General Store.
 26175 | Shoals:2 | Found a transporter.
 26757 | Shoals:2 | Reached XP level 16. HP: 93/136 MP: 19/37
 27154 | Shoals:2 | Found a bloodstained altar of Trog.
 27160 | Shoals:2 | Found a transporter.
 27161 | Shoals:2 | Noticed Muonk's ghost (adept DjFE)
 27396 | Shoals:2 | Found Xumostud's Self-Improvement Boutique.
 27409 | Shoals:2 | Found Tayk's Magic Scroll Boutique.
 27420 | Shoals:2 | Noticed a kraken
 27420 | Shoals:2 | Noticed a kraken
 27426 | Shoals:2 | Killed a kraken
 27430 | Shoals:2 | Killed a kraken
 27634 | Shoals:2 | Noticed a kraken
 27637 | Shoals:2 | Killed a kraken
 27830 | Shoals:2 | Found a runed translucent door.
 27870 | Shoals:2 | Identified the ring "Erphemp" {Ice Drain Str+6 Int+6}
 27884 | Shoals:2 | Noticed a kraken
 27891 | Shoals:2 | Killed a kraken
 27896 | Shoals:2 | Reached skill level 22 in Ice Magic
 28597 | Shoals:2 | Reached skill level 5 in Shields
 28737 | Shoals:2 | Identified the ring of Nekyenor {rCorr Int+6 Dex+3}
 29155 | Shoals:3 | Noticed Mlioglotl
 29265 | Shoals:3 | Killed Mlioglotl
 30383 | Shoals:3 | Noticed Donald
 30386 | Shoals:3 | Killed Donald
 30528 | Shoals:3 | Found Hiv Tasko's Distillery.
 30886 | Shoals:4 | Entered Level 4 of the Shoals
 30906 | Shoals:4 | Noticed Polyphemus
 30911 | Shoals:4 | Reached XP level 17. HP: 150/150 MP: 12/41
 30915 | Shoals:4 | Killed Polyphemus
 32110 | Shoals:4 | Got a barnacled rune of Zot
 32499 | Shoals:4 | Reached ****** piety under Ashenzari
 32940 | Shoals:4 | Found the +2 Maxwell's thermic engine {flame, freeze}
 32948 | Shoals:4 | Reached skill level 10 in Shields
 33233 | D:5      | Bought a book of Sloth for 468 gold pieces
 33240 | D:5      | Learned a level 6 spell: Statue Form
 33477 | Spider:1 | Entered Level 1 of the Spider Nest
 33557 | Spider:1 | Reached skill level 1 in Transmutations
 34135 | Shoals:2 | Bought a manual of Maces & Flails for 1040 gold pieces
 34158 | Shoals:2 | Reached skill level 1 in Earth Magic
 34376 | Spider:1 | Reached skill level 1 in Maces & Flails
 35270 | Spider:1 | Reached XP level 18. HP: 144/163 MP: 43/43
 36667 | Spider:2 | Reached skill level 5 in Transmutations
 37306 | Spider:2 | Reached skill level 5 in Maces & Flails
 38490 | Spider:3 | Upgraded the game from 0.29-a0-103-g37f86683bf to
                  | 0.29-a0-106-g0a07039d5a
 38907 | Spider:4 | Entered Level 4 of the Spider Nest
 39118 | Spider:4 | Reached skill level 5 in Earth Magic
 39315 | Spider:4 | Identified the +1 leather armour of Eleim {rF+++ SInv}
 39818 | Spider:4 | Identified the +1 leather armour of Fywerhie {rC+}
 39830 | Spider:4 | Reached XP level 19. HP: 168/174 MP: 40/45
 40082 | Spider:4 | HP: 4/174 [ghost moth (12)]
 40522 | Spider:4 | HP: 1/174 [spark wasp (12)]
 40522 | Spider:4 | Mangled by an emperor scorpion

Illustrated notes

Levels and vault maps discovered:
D:1:      scummos_arrival_forest, layout_rooms, solitary_fountain
D:2:      layout_basic, basic_altar
D:3:      layout_basic, basic_ecumenical_altar, roderic_serpentine_path,
          chequers_hall_statues_y, serial_park_tiny_pond, uniq_ijyb,
          uniq_sigmund
D:4:      layout_loops_ring, minmay_temple_entry_mist, grunt_decor_junction,
          minmay_hedge_maze
D:5:      layout_layer_cave, minitemple, serial_shops, nicolae_shop_waterfront,
          nicolae_shop_bloodbath_and_beyond
D:6:      layout_loops_ring, nicolae_overflow_hidden_temple,
          nicolae_overflow_crystal_walls
D:7:      layout_loops_corners, elyvilon_altar_4
D:8:      lemuel_insect_pit, layout_gridville, okawaru_altar_gauntlet_db,
          serial_shops, shop, minivault_22, hangedman_minor_gate_pass
D:9:      layout_long_grid, lair_entry_dummy, enter_bailey_3, uniq_maurice
Temple:   jpeg_temple_clearing
Lair:1:   layout_gridlike, minmay_holes, serial_bayou_shore_a
Lair:2:   dpeg_oklob_gauntlet, layout_cave_shapes, minmay_shoals_entry_beasts,
          grunt_forest_large_clearing_hut, serial_bayou_shore_b,
          grunt_megastairs_3, infiniplex_staircase_pool_2
Lair:3:   layout_cave_pods, hellmonk_spider_entry_life_and_decay, serial_rivers,
          chequers_serial_rivers_small_b, chequers_serial_rivers_small_b,
          chequers_serial_rivers_large_b, chequers_serial_rivers_marsh,
          beast_lair_carwin_5, infiniplex_staircase_pool
Lair:4:   nzn_winding_woodlands_cross [nzn_winding_woodlands_5x15_sawtooth,
          nzn_winding_woodlands_5x15_jagged,
          nzn_winding_woodlands_5x15_pathside_ponds,
          nzn_winding_woodlands_5x15_sidewinder,
          nzn_winding_woodlands_15x15_thick_spiral], layout_concentric_octagons,
          maelrawn_ghost_gauntlet_escape
Lair:5:   layout_regular_city, minmay_slime_entry_pillars, grunt_megastairs_5
Lair:6:   minmay_lair_end_frog_pond, layout_long_grid, nzn_sisyphean_effort
Shoals:1: layout_shoals, serial_shops, nicolae_diamond_shop, st_cyclops
Shoals:2: nicolae_shoals_lighthouse, layout_shoals,
          gammafunk_ghost_wrathful_warriors, serial_shops, shop_statue,
          nicolae_shop_self_help
Shoals:3: layout_shoals, serial_shops, shop, uniq_mlioglotl, uniq_donald
Shoals:4: shoals_end_simple, layout_shoals, uniq_polyphemus
Spider:1: layout_spider_delve, hangedman_spider_tarantella_strand
Spider:2: layout_spider_delve, nicolae_spider_scorpion_nest
Spider:3: layout_spider_delve
Spider:4: spider_rune_water, beargit_elvish_explorers, uniq_aizul
Orc:1:    cheibrodos_orc_arena, layout_caves, serial_shops, shop, shop
Orc:2:    st_orc_rangers, layout_caves

Skill      XL: |  1  2  3  4  5  6  7  8  9 10 11 12 13 14 15 16 17 18 19 |
---------------+----------------------------------------------------------+-----
Ice Magic      | 5 7 9 11 13 15 16 18 19 20 21 22 | 22.3
Spellcasting   | 3 4 5 6 7 8 10 11 12 13 14 | 14.7
Fighting       | 1 5 7 9 10 11 13 14 | 14.0
Dodging        | 3 6 9 11 12 13 | 13.7
Shields        | 3 7 10 11 | 11.1
Transmutations | 3 8 9 |  9.5
Earth Magic    | 2 5 6 |  6.0
Maces & Flails | 2 7 8 |  8.5
Stealth        | |  2.1

Action                   |  1- 3 |  4- 6 |  7- 9 | 10-12 | 13-15 | 16-18 | 19-21 || total
-------------------------+-------+-------+-------+-------+-------+-------+-------++-------
Melee: Short sword       |     7 |    71 |   140 |    80 |    56 |    21 |       ||   375
       Punch             |       |     2 |     1 |     1 |     1 |       |       ||     5
       Tailslap          |       |       |       |       |       |     1 |     7 ||     8
       Morningstar       |       |       |       |       |       |   186 |    77 ||   263
 Cast: Freeze            |    39 |    59 |   106 |   144 |    77 |       |       ||   425
       Frozen Ramparts   |     1 |     4 |    18 |    30 |       |     3 |       ||    56
       Ozocubu's Armour  |       |     3 |     5 |    13 |       |     1 |       ||    22
       Hailstorm         |       |       |       |     6 |       |    17 |       ||    23
       Ozocubu's Refrige |       |       |       |    57 |   314 |   386 |    19 ||   776
Invok: Curse Item        |       |     1 |     3 |     1 |     3 |     3 |       ||    11
       Shatter the Chain |       |       |       |       |       |     1 |       ||     1
Evoke: Wand              |       |     2 |     3 |    13 |     1 |     6 |     3 ||    28
       Phantom mirror    |       |       |       |       |       |     2 |       ||     2
       Condenser vane    |       |       |       |       |       |       |     1 ||     1
  Use: Scroll            |       |    16 |     3 |     2 |     1 |     3 |     1 ||    26
       Potion            |       |       |     2 |       |       |       |     1 ||     3
 Stab: Sleeping          |       |       |       |       |     1 |       |     1 ||     2
Armor: Robe              |    13 |    63 |   100 |       |       |       |       ||   176
       Troll leather arm |       |       |    44 |   106 |    82 |   140 |    49 ||   421
Dodge: Dodged            |    36 |    81 |   208 |   178 |   171 |   262 |    58 ||   994
Block: Kite shield       |       |       |       |       |    40 |   281 |    74 ||   395
       Reflection        |       |       |       |       |    20 |    18 |       ||    38

Table legend: (Time is in decaauts)
 A = Elapsed time spent in this place.
 B = Non-inter-level travel time spent in this place.
 C = Inter-level travel time spent in this place.
 D = Time resting spent in this place.
 E = Time spent auto-exploring this place.
 F = Levels seen in this place.
 G = Mean time per level.
                   A        B        C        D        E       F      G
               +--------+--------+--------+--------+--------+-----+--------+
         Total |  39748 |  37579 |   2169 |   2655 |  28452 |  27 | 1472.1 |
       Dungeon |  10514 |   9899 |    615 |    169 |   7771 |   9 | 1168.2 |
        Temple |     89 |     73 |     16 |      0 |     55 |   1 |   89.0 |
          Lair |  12024 |  10967 |   1057 |   1017 |   8544 |   6 | 2004.0 |
        Shoals |   7752 |   7419 |    333 |   1107 |   5167 |   4 | 1938.0 |
   Spider Nest |   6598 |   6559 |     39 |    259 |   4972 |   4 | 1649.5 |
  Orcish Mines |   2321 |   2213 |    108 |    103 |   1665 |   2 | 1160.5 |
        Bailey |    448 |    448 |      0 |      0 |    277 |   1 |  448.0 |
               +--------+--------+--------+--------+--------+-----+--------+

Top non-repeatable levels by time:
  Lair:6: 2986 daAuts
Shoals:2: 2794 daAuts
  Lair:3: 2409 daAuts
Spider:1: 2369 daAuts
  Lair:4: 2074 daAuts
Shoals:4: 1706 daAuts
Shoals:1: 1661 daAuts
  Lair:2: 1642 daAuts
     D:6: 1625 daAuts
  Lair:1: 1608 daAuts
Spider:4: 1604 daAuts
Shoals:3: 1589 daAuts
   Orc:2: 1488 daAuts
     D:8: 1475 daAuts
     D:3: 1368 daAuts
